 Dungeon Crawl Stone Soup version 0.28.0-47-ge53b351184 (webtiles) character file.

Game seed: 7479029470096732489

23 pkoi the Conjurer (level 2, -1/20 HPs)
             Began as a Demigod Conjurer on May 8, 2022.
             Succumbed to a kobold's poison
             ... on level 2 of the Dungeon.
             The game lasted 00:01:01 (1170 turns).

pkoi the Conjurer (Demigod Conjurer)                Turns: 1170, Time: 00:01:02

Health: -1/20      AC:  3    Str: 14    XL:     2   Next: 54%
Magic:  4/7        EV: 12    Int: 20    God:
Gold:   25         SH:  0    Dex: 18    Spells: 3/4 levels left

rFire   . . .      SeeInvis .   c - +0 short sword
rCold   . . .      Faith    .   (no shield)
rNeg    . . .      Spirit   .   a - +0 robe
rPois   .          Reflect  .   (no helmet)
rElec   .          Harm     .   g - +0 cloak
rCorr   .          Rampage  .   (no gloves)
Will    .....                   (no boots)
Stlth   ++........              (no amulet)
HPRegen 0.06/turn               e - +6 ring of dexterity
MPRegen 0.10/turn               f - +6 ring of strength

@: lethally poisoned (-1 -> -11)
A: high MP 1, forlorn, divine attributes
a: no special abilities


You were on level 2 of the Dungeon.
You visited 1 branch of the dungeon, and saw 2 of its levels.

You collected 25 gold pieces.

Inventory:

Hand Weapons
 c - a +0 short sword (weapon)
 d - a +0 dagger
Armour
 a - a +0 robe (worn)
 g - a +0 cloak (worn)
Jewellery
 e - a +6 ring of dexterity (left hand)
 f - a +6 ring of strength (right hand)
Scrolls
 b - a scroll of identify


   Skills:
 - Level 1.7 Dodging
 - Level 1.7 Stealth
 - Level 1.7 Spellcasting
 + Level 4.4 Conjurations


You had 3 spell levels left.
You knew the following spells:

 Your Spells              Type           Power      Damage    Failure   Level
a - Magic Dart            Conj           76%        1d6       2%          1

Your spell library contained the following spells:

 Spells                   Type           Power      Damage    Failure   Level
 Searing Ray              Conj           38%        2d5       4%          2
 Dazzling Flash           Conj/Hex       20%        N/A       21%         3
 Fulminant Prism          Conj/Hex       5%         3d7       54%         4
 Iskenderun's Mystic Bla  Conj/Tloc      10%        2d4       54%         4


Dungeon Overview and Level Annotations

Branches:
Dungeon (2/15)


Innate Abilities, Weirdness & Mutations

You have an increased reservoir of magic. (+10% MP)
You shall have no god before yourself.
Your divine heritage dramatically boosts your attributes as you level up.


Message History

You kill the kobold!
Items here: ! ( ) †.
A kobold is nearby!
A kobold is nearby!
Items here: ! ( ) †.
The kobold throws a stone.
The stone misses you.
The kobold throws a stone.
The stone hits you.
* * * LOW HITPOINT WARNING * * *
You hit the kobold.
The kobold is severely wounded.
The kobold barely misses you.
You closely miss the kobold.
The kobold is severely wounded.
The kobold hits you with a +0 short sword of venom.
* * * LOW HITPOINT WARNING * * *
You are poisoned.
You completely miss the kobold.
The kobold is severely wounded.
You feel sick. The kobold misses you.
You hit the kobold but do no damage.
The kobold is severely wounded.
You feel sick. The kobold barely misses you.
The kobold hits you with a +0 short sword of venom.
* * * LOW HITPOINT WARNING * * *
You are lethally poisoned!
You hit the kobold but do no damage.
The kobold is severely wounded.
* * * LOW HITPOINT WARNING * * *
You feel very sick. The kobold closely misses you.
Unknown command.
You hit the kobold.
You kill the kobold!
* * * LOW HITPOINT WARNING * * *
You feel very sick.
You aren't carrying any potions.
As you read the scroll labelled MIHULOJ NAFOI, it crumbles to dust.
It is a scroll of identify.
You don't have any unidentified items.
You die...

#.#. #... ###..# #
....###.#
#################....(...
.....................#
.................†>..#
....###.###.#####....# #
#.# #...)@..)..# #.#
#########.#....# #.# #.#
#### #.###########(#
#.###.............#
#..................
###########........
#<....#####........
#####...†.....###.#


There were no monsters in sight!

Vanquished Creatures
  A worm (D:2)
  5 bats
  2 endoplasms (D:1)
  A giant cockroach (D:1)
  A hobgoblin (D:1)
  2 jackals (D:1)
  3 ball pythons
  5 kobolds
20 creatures vanquished.

Notes
Turn   | Place    | Note
-------+----------+-------------------------------------------
     0 | D:1      | pkoi the Demigod Conjurer began the quest for the Orb.
     0 | D:1      | Reached XP level 1. HP: 14/14 MP: 5/5
   332 | D:1      | Reached skill level 4 in Conjurations
   415 | D:1      | Reached XP level 2. HP: 20/20 MP: 1/7
  1169 | D:2      | HP: 1/20 [poisoned by a kobold]
  1170 | D:2      | Succumbed to a kobold's poison

Illustrated notes

Levels and vault maps discovered:
D:1:      wander_arrival_fairy_ring, layout_basic, serial_rivers,
          chequers_serial_rivers_large_a, chequers_serial_rivers_room_a,
          chequers_serial_rivers_micro_e, chequers_serial_rivers_small_b,
          chequers_serial_rivers_small_b
D:2:      layout_basic, minmay_3d_cube

Skill      XL: |  1 |
---------------+----+-----
Conjurations   | 4 |  4.4
Dodging        | |  1.7
Stealth        | |  1.7
Spellcasting   | |  1.7

Action                   || total
-------------------------++-------
Melee: Short sword       ||    13
 Cast: Magic Dart        ||    34
  Use: Scroll            ||     1
Armor: Robe              ||     1
Dodge: Dodged            ||    11
